Map: Graystone Ravine

Players

Ashaxyn - Winner!

  • Race: Zerg Zerg
  • Spawn Location: 11:00

Gracz - Winner!

  • Race: Terran Terran
  • League: Bronze
  • Spawn Location: 9:00

Radeus

  • Race: Zerg Zerg
  • League: Gold
  • Spawn Location: 5:00

VOD

Have the link to the VOD?

Description

Time

  • Played on: Sept. 5, 2016, 2:02 p.m.
  • Length: 20:07
Show
View Real Time Build Order
Export as new Build Order

Ashaxyn Zerg - Winner!

Build Orders: Pool First 

Get SALT Encoding   

  12  0:02  Drone  
  13  0:13  Overlord  
  13  0:19  Drone  
  14  0:31  Drone x2  
  16  0:57  Drone  
  16  0:58  Drone  
  16  0:59  Drone  
  19  1:11  Spawning Pool  
  19  1:17  Drone  
  19  1:31  Hatchery  
  18  1:48  Drone  
  18  1:49  Drone  
  20  1:55  Overlord  
  20  2:09  Extractor  
  20  2:12  Extractor  
  18  2:16  Roach Warren  
  17  2:27  Spine Crawler  
  17  2:29  Spine Crawler  
  15  2:46  Overlord  
  15  2:47  Drone  
  15  2:48  Drone x2  
  18  2:58  Drone  
  18  2:59  Drone  
  21  3:24  Roach  
  21  3:25  Roach x3  
  28  3:29  Drone  
  28  3:30  Queen  
  28  3:31  Queen  
  33  3:37  Metabolic Boost  
  33  3:51  Zergling x4  
  33  3:52  Zergling x4  
  37  4:19  Zergling x2  
  37  4:20  Zergling x8  
  41  4:28  Roach  
  43  4:35  Overlord  
  43  4:36  Overlord  
  43  4:51  Lair  
  43  4:54  Zergling x6  
  43  4:55  Zergling x6  
  49  5:06  Drone  
  50  5:16  Extractor  
  49  5:27  Spore Crawler  
  48  5:36  Zergling x10  
  53  5:43  Baneling Nest  
  54  5:50  Drone x2  
  54  5:52  Drone x2  
  56  5:58  Glial Reconstitution  
  56  6:09  Zergling x2  
  56  6:10  Zergling x4  
  59  6:24  Overlord x3  
  59  6:37  Overlord  
  59  6:59  Spore Crawler  
  59  7:01  Hatchery  
  57  7:05  Roach  
  59  7:10  Spine Crawler  
  58  7:18  Centrifical Hooks  
  58  7:23  Drone  
  59  7:36  Drone x2  
  61  7:37  Drone  
  62  7:49  Drone x3  
  65  8:20  Roach x3  
  65  8:21  Roach x2  
  65  8:26  Baneling x4  
  65  8:27  Baneling x9  
  75  8:45  Evolution Chamber  
  74  8:53  Drone x3  
  79  9:02  Baneling x12  
  77  9:03  Baneling x5  
  77  9:04  Baneling  
  77  9:06  Baneling  
  77  9:24  Burrow  
  77  9:25  Pneumatized Carapace  
  77  9:29  Queen  
  77  9:30  Drone x2  
  81  9:31  Drone  
  81  9:36  Overlord  
  82  9:56  Zergling x14  
  82  9:57  Zergling x6  
  94  10:00  Roach  
  94  10:20  Roach  
  94  10:21  Roach x5  
  106  10:24  Overlord  
  106  10:25  Overlord  
  106  10:45  Drone  
  106  10:46  Drone x4  
  106  10:47  Drone x6  
  117  10:50  Overlord  
  107  11:24  Roach x3  
  107  11:25  Roach x10  
  117  11:27  Zergling x4  
  116  11:37  Zergling x10  
  108  11:47  Zergling x4  
  104  11:55  Zergling x2  
  104  11:56  Zergling x4  
  89  12:29  Zergling x18  
  59  12:58  Zergling x2  
  59  12:59  Zergling x10  
  64  13:12  Zergling x22  
  75  13:14  Baneling  
  75  13:15  Baneling x15  
  75  13:16  Baneling x4  
  75  13:19  Baneling  
  75  13:20  Baneling x9  
  75  13:23  Roach  
  75  13:24  Roach  
  79  13:27  Hatchery  
  79  13:29  Zerg Missile Weapons Level 1  
  78  13:38  Zergling x22  
  67  13:57  Zergling x8  
  68  14:16  Roach x5  
  78  14:35  Extractor  
  77  15:01  Spire  
  76  15:23  Zerg Melee Weapons Level 1  
  76  15:34  Extractor  
  75  15:35  Extractor  
  75  15:36  Queen, Drone x3  
  79  16:02  Drone  
  79  16:03  Drone  
  81  16:07  Extractor  
  81  16:08  Overlord x2  
  80  16:12  Mutalisk x7  
  80  16:13  Mutalisk x15  
  124  16:19  Zergling x2  
  124  16:20  Zergling x20  
  135  16:49  Mutalisk x4  
  135  16:52  Zergling x12  
  135  16:53  Zergling x8  
  110  17:18  Zerg Ground Armor Level 1, Mutalisk x4  
  114  17:33  Mutalisk  
  114  17:34  Mutalisk  
  109  17:52  Roach x8  
  109  17:53  Roach  
  119  18:12  Zerg Flyer Weapons Level 1  
  114  18:21  Zergling x4  
  114  18:22  Zergling x10  
  121  18:28  Drone  
  106  18:47  Roach x4  
  106  18:48  Roach  
  114  18:52  Hatchery  
  106  19:18  Roach x2, Zergling x2  
  106  19:19  Roach x2, Zergling x8  
  106  19:20  Zergling x2  
  116  19:42  Zergling x2  
  116  19:43  Zergling x12  
Show
View Real Time Build Order
Export as new Build Order

Gracz Terran - Winner!

Build Orders: Reaper Expand 

Get SALT Encoding   

  12  0:02  SCV  
  13  0:15  Supply Depot  
  13  0:45  Refinery, SCV  
  13  0:46  Barracks  
  14  0:57  SCV  
  15  1:09  SCV  
  16  1:21  SCV  
  17  1:33  SCV  
  17  1:39  Barracks  
  18  1:42  Reaper  
  18  1:45  SCV  
  20  1:57  SCV  
  20  1:59  Command Center  
  21  2:09  SCV  
  22  2:23  SCV  
  22  2:27  Barracks  
  23  3:15  SCV  
  23  3:17  Orbital Command  
  24  3:24  Factory  
  24  3:28  SCV  
  24  3:29  Refinery  
  25  3:40  SCV  
  26  3:52  SCV  
  25  3:59  Marine  
  25  4:01  Marine x2  
  24  4:04  SCV  
  24  4:16  SCV  
  24  4:17  Marine  
  24  4:19  Marine  
  24  4:34  Barracks Reactor  
  24  4:38  Barracks Reactor x2  
  24  4:42  Factory Reactor  
  24  4:48  Factory  
  24  4:56  Refinery  
  24  4:59  SCV  
  25  5:00  SCV  
  25  5:04  Refinery  
  26  5:11  SCV  
  26  5:12  SCV  
  26  5:13  Starport  
  28  5:21  Engineering Bay  
  28  5:24  SCV  
  29  5:31  Factory Tech Lab  
  29  5:34  Hellion x2  
  33  5:36  SCV  
  34  5:45  Barracks  
  34  5:48  SCV  
  35  5:53  Starport Reactor  
  35  5:55  Starport  
  35  6:20  Marine x2  
  35  6:21  Marine  
  38  6:28  Supply Depot  
  38  6:29  Orbital Command  
  38  6:31  Marine x3, Siege Tank, SCV  
  45  6:42  Starport Reactor  
  45  6:43  SCV  
  46  6:55  SCV  
  47  7:03  Siege Tank  
  48  7:20  Barracks Reactor  
  48  7:21  Marine x6  
  54  7:42  Supply Depot  
  54  8:03  Marine, Medivac x2, Siege Tank  
  54  8:05  Widow Mine x2  
  62  8:06  SCV x2  
  62  8:07  Supply Depot  
  62  8:08  Supply Depot  
  68  8:18  Marine, SCV  
  70  8:24  Marine x7  
  77  8:30  SCV  
  77  8:34  Widow Mine x2  
  78  8:36  Marine, Siege Tank  
  86  8:42  Marine, SCV  
  91  10:07  Siege Tank  
  91  10:25  Marine  
  91  10:26  Marine x2  
  94  10:32  Marine x5  
  94  10:34  Supply Depot  
  99  10:36  Supply Depot  
  99  10:37  Supply Depot  
  99  10:43  Marine  
  99  10:44  Marine x2  
  99  10:49  Marine x5  
  107  11:01  Marine  
  107  11:02  Marine x2  
  110  11:07  Marine x5  
  112  11:19  Marine x3  
  112  11:25  Marine x5  
  97  12:08  Widow Mine x2  
  101  12:36  Widow Mine x2  
  103  12:49  SCV  
  103  12:51  Marine x6  
  100  12:52  Marine x2  
  108  13:00  Barracks  
  108  13:05  Widow Mine  
  108  13:09  Marine x8  
  118  13:26  Marine  
  119  13:27  Marine x4  
  119  13:30  Command Center  
  118  14:22  Medivac x2  
  118  14:23  Medivac x2  
  126  14:31  Terran Infantry Weapons Level 1  
  126  14:35  Supply Depot  
  126  14:42  Engineering Bay  
  126  14:43  Armory  
  126  14:44  Marine x5  
  131  14:49  Stimpack  
  131  14:52  Medivac x2  
  131  14:53  Medivac x2  
  137  15:30  Marine x4  
  137  15:31  Marine x5  
  137  15:34  Terran Infantry Armor Level 1  
  144  15:40  Terran Vehicle Weapons Level 1  
  140  15:48  Marine x4  
  84  16:51  Marine x8  
  72  16:54  Medivac x2  
  72  16:55  Medivac x2  
  73  17:08  Marine  
  73  17:09  Marine x7, Refinery  
  70  17:24  Medivac x3  
  70  17:25  Medivac  
  70  17:26  Marine  
  70  17:27  Marine x7  
  69  17:44  Marine  
  69  17:45  Marine x7  
  74  17:52  Marine  
  74  18:02  Marine x4  
  74  18:03  Marine x4  
  82  18:10  Marine  
  72  18:20  Marine x7  
  79  19:23  Marine x9  
  83  19:40  Marine  
  83  19:41  Marine x2  
Show
View Real Time Build Order
Export as new Build Order

Radeus Zerg 

Build Orders: Hatch First 

Get SALT Encoding   

  12  0:01  Drone  
  13  0:12  Overlord  
  13  0:17  Drone  
  14  0:31  Drone x2  
  14  0:35  Drone  
  17  0:54  Hatchery  
  17  0:56  Drone  
  17  1:00  Drone  
  18  1:05  Extractor  
  17  1:19  Spawning Pool  
  17  1:20  Drone  
  17  1:23  Drone  
  18  1:28  Drone  
  19  1:45  Overlord  
  19  2:05  Queen  
  19  2:07  Zergling x6  
  24  2:13  Metabolic Boost  
  24  2:18  Queen, Drone  
  27  2:23  Drone  
  27  2:24  Drone  
  27  2:28  Drone  
  30  2:34  Drone  
  31  2:44  Zergling x4  
  33  3:00  Queen  
  33  3:02  Zergling x2  
  36  3:21  Overlord x2  
  36  3:30  Overlord x2  
  36  3:33  Extractor, Drone  
  36  3:35  Roach Warren  
  36  3:38  Zergling x2  
  36  3:39  Queen  
  37  4:01  Zergling x6  
  40  4:06  Hatchery  
  39  4:11  Drone  
  39  4:12  Drone x4  
  41  4:24  Roach x3  
  44  4:46  Lair  
  44  4:49  Extractor  
  43  4:53  Drone  
  43  4:54  Drone x4  
  43  4:55  Drone x5  
  53  5:28  Drone x2  
  53  5:29  Drone x4  
  58  5:41  Extractor  
  57  5:44  Drone x2  
  57  5:45  Evolution Chamber  
  57  5:46  Drone x4  
  57  5:47  Drone  
  57  5:48  Roach x4, Evolution Chamber  
  70  5:58  Drone  
  70  5:59  Drone x2  
  70  6:00  Drone  
  74  6:08  Evolution Chamber  
  71  6:15  Roach  
  71  6:16  Overlord x4  
  73  6:20  Zerg Missile Weapons Level 1  
  73  6:38  Zerg Ground Armor Level 1  
  73  6:44  Glial Reconstitution  
  73  6:53  Extractor, Drone x3  
  75  7:00  Ravager x2  
  75  7:01  Roach x2, Ravager  
  80  7:02  Roach x6  
  80  7:03  Overlord  
  80  7:04  Overlord  
  94  7:08  Drone  
  94  7:09  Drone x4  
  99  7:32  Drone x3  
  99  7:36  Extractor  
  101  7:44  Infestation Pit  
  101  7:47  Drone x2  
  101  7:48  Hatchery  
  101  7:57  Pneumatized Carapace  
  101  8:02  Drone  
  101  8:03  Hydralisk Den, Drone x2  
  101  8:04  Drone  
  104  8:11  Overseer  
  104  8:12  Overseer  
  104  8:31  Overlord x4  
  104  8:39  Zerg Missile Weapons Level 2  
  104  8:40  Zerg Ground Armor Level 2  
  104  8:45  Zergling x18  
  104  8:46  Zergling x4  
  104  8:47  Zergling x4  
  117  8:55  Baneling Nest  
  116  8:56  Drone x2  
  118  9:04  Pathogen Glands  
  118  9:06  Muscular Augments  
  118  9:09  Zerg Melee Weapons Level 1  
  118  9:16  Roach  
  118  9:17  Roach x6  
  133  9:24  Drone  
  133  9:30  Drone  
  134  9:38  Hive  
  134  9:40  Roach x4  
  134  9:41  Roach, Infestor x4  
  152  9:57  Hydralisk x4  
  160  10:04  Baneling x4  
  158  10:23  Roach  
  158  10:24  Baneling  
  158  10:25  Baneling x10  
  158  10:26  Overlord x5  
  160  10:29  Overlord x4  
  160  10:30  Overlord  
  160  10:33  Spore Crawler  
  160  10:34  Drone  
  160  10:35  Overlord x2  
  160  10:36  Spore Crawler  
  159  11:02  Zergling x34  
  159  11:03  Zergling x4  
  176  11:14  Zergling x8  
  135  11:27  Hydralisk x4  
  135  11:28  Hydralisk x3  
  145  11:36  Roach, Zergling x2  
  145  11:37  Roach  
  147  11:42  Zerg Missile Weapons Level 3, Zerg Ground Armor Level 3, Zerg Melee Weapons Level 2  
  102  12:02  Zergling x20  
  102  12:05  Roach  
  112  12:13  Roach x3, Zergling x4  
  101  12:17  Roach x3  
  101  12:18  Roach  
  103  12:25  Roach x4  
  102  12:34  Zergling x6  
  92  12:41  Roach x4  
  92  12:42  Roach  
  97  12:46  Roach, Zergling x6  
  97  12:50  Roach  
  98  12:54  Roach x2  
  98  12:55  Queen  
  98  12:57  Queen  
  106  13:06  Lurker Den  
  106  13:15  Extractor  
  106  13:19  Extractor  
  104  13:23  Roach x14  
  132  13:28  Zergling x2  
  129  13:51  Roach  
  129  13:52  Roach x10  
  138  14:00  Roach x3  
  138  14:01  Roach x2  
  138  14:02  Infestor x2  
  152  14:05  Ravager  
  152  14:07  Zergling x8  
  157  14:11  Zergling x2  
  157  14:12  Zergling x4  
  160  14:26  Infestor  
  160  14:27  Infestor  
  164  14:48  Ravager  
  164  14:49  Ravager x2  
  158  15:24  Overseer  
  158  15:25  Overseer  
  155  15:45  Roach  
  155  15:46  Roach x21  
  199  16:04  Baneling  
  199  16:05  Baneling x6  
  175  17:00  Hydralisk x16  
  192  17:13  Hydralisk x2  
  192  17:14  Hydralisk  
  178  17:40  Hydralisk x6  
  108  18:18  Hydralisk x6  
  88  18:46  Lurker x2  
  83  19:03  Hydralisk  
  83  19:04  Hydralisk x2  
  86  19:30  Spine Crawler  
  74  19:33  Spine Crawler  
Tags
 
Add a new tag
Caveats
  • Supply blocks, unpowered buildings, or Contaminate may cause inaccurate times.
  • Supply counts are checked every 10 seconds.